 Dungeon Crawl Stone Soup version 0.20.0 (webtiles) character file.

2075 Llamajah the Chopper (level 9, -3/69 HPs)
             Began as a Formicid Fighter on June 15, 2017.
             Was a Priest of Okawaru.
             Slain by a killer bee (6 damage)
             ... on level 7 of the Dungeon.
             The game lasted 00:16:06 (6369 turns).

Llamajah the Chopper (Formicid Fighter)             Turns: 6369, Time: 00:16:07

Health: -3/69      AC: 14    Str: 23 (25) XL:     9   Next: 51%
Magic:  18/18      EV:  7    Int: 17 (20) God:    Okawaru [***...]
Gold:   240        SH: 15    Dex:  6 (8)  Spells: 8/8 levels left

rFire    + . .     SeeInvis +   h - +0 broad axe
rCold    + . .     Gourm    .   c - +0 shield
rNeg     . . .     Faith    .   J - +0 plate armour "Astueh" {MP+9}
rPois    +         Spirit   .   (helmet unavailable)
rElec    +         Reflect  +   (no cloak)
rCorr    +         Harm     .   w - +0 pair of gloves
MR       .....                  (no boots)
Stlth    ..........             K - +5 amulet of reflection
Regen    0.3/turn               z - +6 ring of intelligence
MPRegen  0.2/turn               G - +2 ring of strength

@: brilliant, lethally poisoned (-3 -> -9), resistant
A: permanent stasis, dig shafts and tunnels, four strong arms, antennae 3,
hooves 1, clumsy 1
a: Dig, Shaft Self, Heroism, Renounce Religion


You were on level 7 of the Dungeon.
You worshipped Okawaru.
Okawaru was most pleased with you.
You were hungry.

You visited 1 branch of the dungeon, and saw 7 of its levels.

You collected 315 gold pieces.
You spent 75 gold pieces at shops.

Inventory:

Hand Weapons
 a - a +1 war axe
 h - a +0 broad axe (weapon)
Armour
 b - a +0 scale mail
 c - a +0 shield (worn)
 n - a +0 plate armour
 w - a +0 pair of gloves (worn)
 J - the +0 plate armour "Astueh" (worn) {MP+9}
   (You found it on level 6 of the Dungeon)

   It affects your magic capacity (+9).
Jewellery
 u - a +5 amulet of reflection
 z - a +6 ring of intelligence (left hand)
 G - a +2 ring of strength (right hand)
 K - a +5 amulet of reflection (around neck)
 N - an uncursed amulet of rage
Wands
 q - a wand of polymorph (11/24)
 r - a wand of random effects (15/48)
 F - a wand of confusion (13/48)
 L - a wand of flame (21/48)
Scrolls
 e - 2 scrolls of random uselessness {unknown}
 g - 2 scrolls of remove curse
 j - 9 scrolls of identify
 m - 6 scrolls of amnesia
 o - 2 scrolls of fog
 t - a scroll of immolation {unknown}
 x - 3 scrolls of teleportation {unknown}
 y - a scroll of enchant weapon
 A - a scroll of magic mapping {unknown}
 B - a scroll of noise {unknown}
 I - a scroll of enchant armour
Potions
 d - 2 potions of might
 k - 2 potions of ambrosia {unknown}
 l - a potion of flight
 p - a potion of brilliance
 s - a potion of degeneration
 v - 3 potions of haste
Comestibles
 f - 6 bread rations
 i - 3 royal jellies
 D - a meat ration


   Skills:
 + Level 6.2 Fighting
 * Level 7.5 Axes
 + Level 6.1 Armour
 + Level 4.1 Dodging
 + Level 6.4 Shields


You had 8 spell levels left.
You didn't know any spells.

Dungeon Overview and Level Annotations

Branches:
Dungeon (7/15)             Temple (0/1) D:6

Altars:
Gozag
Hepliaklqana
Makhleb
Okawaru

Shops:
D:4 (   D:6 ?


Innate Abilities, Weirdness & Mutations

You cannot be hasted, slowed, berserked, paralysed or teleported.
You can dig through walls and to a lower floor.
Your four strong arms can wield two-handed weapons with a shield.
You have a pair of large antennae on your head. (SInv)
You have large cloven feet.
You are clumsy. (Dex -2)


Message History

You feel protected. You block the killer bee's attack.
The killer bee barely misses you.
You slash the killer bee!
You kill the killer bee!
Okawaru accepts your kill.
You feel sick. You block the killer bee's attack.
The killer bee stings you but does no damage.
You miss the killer bee. Your kick misses the killer bee.
You block the killer bee's attack. The killer bee stings you!
* * * LOW HITPOINT WARNING * * *
You are lethally poisoned!
The killer bee poisons you!
You closely miss the killer bee. Your kick misses the killer bee.
* * * LOW HITPOINT WARNING * * *
You feel sick. You block the killer bee's attack. x2
You hit the killer bee. Your kick misses the killer bee.
The killer bee is lightly wounded.
* * * LOW HITPOINT WARNING * * *
You feel sick. You block the killer bee's attack. The killer bee stings you.
You die...

#+## ##...##
##.....## .
##.......##
....####.........#
§§....y@.........+
P§..####.........#
§ ##.......#
#####.....#### ###
#............. ..#
#.####..#.### #.#
#..#.# #.#
####..#)##### #.#
#........[..# #.#


You could see a killer bee.

Vanquished Creatures
  A steam dragon (D:7)
  Edmund (D:5)
  An orc warrior (D:6)
  A sky beast (D:5)
  A necrophage (D:6)
  2 ogres
  A centaur (D:6)
  A bullfrog (D:6)
  A big kobold (D:5)
  4 killer bees (D:7)
  2 crimson imps
  3 centaur skeletons
  2 orc priests
  A gnoll shaman (D:4)
  4 hounds
  An orc wizard (D:5)
  Jessica (D:2)
  3 iguanas
  Natasha (thrice) (D:2)
  4 worker ants
  13 gnolls
  9 adders
  2 oozes
  An adder skeleton (D:4)
  A worm (D:2)
  4 dart slugs
  6 leopard geckos
  8 orcs
  3 giant cockroaches
  3 hobgoblins
  4 jackals
  2 quokkas
  2 ball pythons
  A bat (D:6)
  5 frilled lizards
  10 goblins
  10 kobolds
  9 rats
131 creatures vanquished.

Vanquished Creatures (others)
  An orc wizard (D:5)
  An orc (D:4)
2 creatures vanquished.

Grand Total: 133 creatures vanquished

Notes
Turn   | Place    | Note
-------+----------+-------------------------------------------
     0 | D:1      | Llamajah the Formicid Fighter began the quest for the Orb.
     0 | D:1      | Reached XP level 1. HP: 18/18 MP: 1/1
   394 | D:1      | Reached XP level 2. HP: 22/24 MP: 2/2
   643 | D:1      | Reached XP level 3. HP: 29/29 MP: 3/3
  1077 | D:2      | Noticed Jessica
  1082 | D:2      | Reached skill level 1 in Dodging
  1101 | D:2      | Killed Jessica
  1101 | D:2      | Reached skill level 3 in Axes
  1101 | D:2      | Reached XP level 4. HP: 36/37 MP: 4/4
  1264 | D:2      | Noticed Natasha
  1273 | D:2      | Killed Natasha
  1273 | D:2      | Reached XP level 5. HP: 41/42 MP: 5/5
  1515 | D:2      | Found a hazy altar of Hepliaklqana.
  1515 | D:2      | Found a burning altar of Makhleb.
  1549 | D:2      | Noticed Natasha
  1559 | D:2      | Killed Natasha
  1585 | D:2      | Noticed Natasha
  1590 | D:2      | Killed Natasha
  1590 | D:2      | Reached XP level 6. HP: 30/48 MP: 6/6
  1829 | D:2      | Found an iron altar of Okawaru.
  1830 | D:2      | Found an opulent altar of Gozag.
  1838 | D:2      | Became a worshipper of Warmaster Okawaru
  2416 | D:3      | Reached skill level 4 in Axes
  3381 | D:4      | Noticed an ogre
  3395 | D:4      | Killed an ogre
  3395 | D:4      | Reached XP level 7. HP: 29/55 MP: 7/7
  3871 | D:4      | Found Faac Poc's Weapon Shop.
  4325 | D:4      | Reached skill level 5 in Axes
  4345 | D:4      | Reached * piety under Okawaru
  4440 | D:5      | Entered Level 5 of the Dungeon
  4535 | D:5      | Reached skill level 5 in Shields
  4535 | D:5      | Reached XP level 8. HP: 61/61 MP: 8/8
  4637 | D:5      | Noticed Edmund
  4650 | D:5      | Killed Edmund
  4650 | D:5      | Reached skill level 5 in Fighting
  4650 | D:5      | Reached skill level 5 in Armour
  4840 | D:5      | Reached ** piety under Okawaru
  4915 | D:5      | Reached skill level 6 in Axes
  5330 | D:6      | Found a staircase to the Ecumenical Temple.
  5381 | D:6      | Got a pitted plate armour
  5392 | D:6      | Identified the cursed +0 plate armour "Astueh" {MP+9} (You found it on level 6 of the Dungeon)
  5657 | D:6      | Found Nen Beon's Magic Scroll Shop.
  5660 | D:6      | Bought a scroll of enchant armour for 75 gold pieces
  5788 | D:6      | Reached XP level 9. HP: 54/69 MP: 9/9
  5866 | D:6      | Reached *** piety under Okawaru
  5874 | D:6      | Reached skill level 7 in Axes
  6364 | D:7      | Gained mutation: You are dopey. (Int -2) [potion of mutation]
  6364 | D:7      | Gained mutation: You are clumsy. (Dex -2) [potion of mutation]
  6364 | D:7      | Lost mutation: You are dopey. (Int -2) [potion of mutation]
  6364 | D:7      | Gained mutation: You have large cloven feet. [potion of mutation]
  6369 | D:7      | HP: 3/69 [poisoned by a killer bee]
  6369 | D:7      | Slain by a killer bee

Skill      XL: |  1  2  3  4  5  6  7  8  9 |
---------------+----------------------------+-----
Dodging        | 1 2 3 4 |  4.1
Axes           | 3 4 5 6 7 |  7.5
Fighting       | 4 5 6 |  6.2
Shields        | 4 5 6 |  6.4
Armour         | 4 5 6 |  6.1

Action                   |  1- 3 |  4- 6 |  7- 9 || total
-------------------------+-------+-------+-------++-------
Melee: War axe           |    70 |    74 |       ||   144
       Broad axe         |       |   102 |   330 ||   432
Invok: Heroism           |       |       |     2 ||     2
 Abil: Dig               |       |     2 |     1 ||     3
  Use: Scroll            |     5 |       |     1 ||     6
       Potion            |       |       |     6 ||     6
  Eat: Chunk             |       |     8 |    10 ||    18
Armor: Scale mail        |    23 |     2 |       ||    25
       Plate armour      |       |    98 |   133 ||   231
Dodge: Dodged            |    21 |    44 |    77 ||   142
Block: Shield            |    35 |   124 |   272 ||   431
       Reflection        |       |       |     8 ||     8
